 Dungeon Crawl Stone Soup version 0.31.0 (webtiles) character file.

Game seed: 125326764380615829

16 MollyMolluskus the Shield-Bearer (level 2, 0/21 HPs)
             Began as an Octopode Fighter on Jan 19, 2024.
             Slain by Sigmund
             ... wielding a +0 scythe
              (2 damage)
             ... on level 2 of the Dungeon.
             The game lasted 00:02:25 (530 turns).

MollyMolluskus the Shield-Bearer (Octopode Fighter)  Turns: 530, Time: 00:02:25

Health: 0/21       AC:  1    Str: 15    XL:     2   Next: 58%
Magic:  2/2        EV: 13    Int: 10    God:
Gold:   64         SH:  4    Dex: 11    Spells: 1/1 levels left

rFire   . .          .
                       - Unarmed
rCold   . . .        a - +0 buckler
rNeg    . . .        (helmet restricted)
rPois   .            (no amulet)
rElec   .            (no ring)
rCorr   .            (no ring)
SInv    .            (no ring)
Will    .....        (no ring)
Stlth   ++           (no ring)
HPRegen 0.23/turn    (no ring)
MPRegen 0.08/turn    (no ring)
                     (no ring)

%: no passive effects
@: no status effects
A: almost no armour, amphibious, 8 rings, camouflage 1, gelatinous body 1,
(nimble swimmer 1), tentacles
a: no special abilities


You were on level 2 of the Dungeon.
You visited 1 branch of the dungeon, and saw 2 of its levels.

You collected 64 gold pieces.

Inventory:

Missiles
 d - 9 stones (quivered)
Armour
 a - a +0 buckler (worn)
Potions
 b - a potion of might
 c - a potion of cancellation
 h - 2 potions of curing


   Skills:
 + Level 3.1 Fighting
 + Level 3.1 Dodging
 + Level 1.0 Stealth
 + Level 3.1 Shields
 * Level 2.4 Unarmed Combat


You had one spell level left.
You didn't know any spells.
Your spell library contained the following spells:

 Spells                   Type           Power      Damage    Failure   Level
 Tukima's Dance           Hex            0%         N/A       83%         3
 Dimensional Bullseye     Hex/Tloc       0%         N/A       99%         4
 Iskenderun's Mystic Bla  Conj/Tloc      0%         2d3       99%         4
 Vhi's Electric Charge    Tloc/Air       0%         N/A       99%         4
 Arcjolt                  Conj/Air       0%         1d10      100%        5
 Maxwell's Capacitive Co  Air            0%         ∞         100%        8


Dungeon Overview and Level Annotations

Branches:
Dungeon (2/15)

Altars:

Annotations:
D:2 Sigmund


Innate Abilities, Weirdness & Mutations

You cannot wear most types of armour.
You are amphibious.
You can wear up to eight rings at the same time.
Your skin changes colour to match your surroundings (Stealth+).
Your rubbery body absorbs attacks. (AC +1, EV +1)
((You are camouflaged when in or above water. (Stealth+)))
You have tentacles for arms and can constrict up to eight enemies at once.


Message History

You tentacle-slap the hobgoblin. Your grab misses the hobgoblin.
The hobgoblin is almost dead.
The hobgoblin hits you.
You tentacle-slap the hobgoblin.
You kill the hobgoblin!
The endoplasm quivers.
Found a leather armour.
The endoplasm jiggles.
Found a cloak.
Sigmund the Dreaded comes into view.
He is wielding a +0 scythe.
The endoplasm closely misses you.
You tentacle-slap the endoplasm. x2
You kill the endoplasm!
Sigmund gestures at you while chanting.
You are confused.
Sigmund says, "You will soon forget everything."
Okay, then.
You bump into the rock wall.
A ribbon worm comes into view.
Sigmund giggles. "Time to reap what you sow."
Sigmund casts a spell at you.
You are more confused.
A quokka comes into view.
Sigmund mumbles some strange words.
Sigmund flickers and vanishes!
Deactivating autopickup; reactivate with Ctrl-A.
Something hits you. Something hits you. Something hits you.
A jackal comes into view.
The jackal moves out of view.
You feel less confused. Something hits you.
* * * LOW HITPOINT WARNING * * *
The quokka bites you.
* * * LOW HITPOINT WARNING * * *
Unknown command.
You barely miss the quokka. Your grab misses the quokka. The quokka misses you.
Something hits you.
You die...

#.......... #..
#.........# ...
#.........# ..#
#.#....?...# #..#
#.. #....###...###
....####...........
#...........######
#>...###.r.##
...#..##@...##
.#.#.........##
#.#.##.#......#
#.#......##.....
#.#..##.####..#.# .
###.........# #.# ..
#.#####....#......#
.# #
#.....†.#..#......#
..
#.......†..#.......#


You could see a quokka.

Vanquished Creatures
  A ribbon worm (D:2)
  2 endoplasms
  2 hobgoblins
  A kobold (D:1)
  A quokka (D:2)
  3 goblins (D:1)
  2 rats (D:1)
12 creatures vanquished.

Notes
Turn   | Place    | Note
-------+----------+-------------------------------------------
     0 | D:1      | MollyMolluskus the Octopode Fighter began the quest for the
                  | Orb.
     0 | D:1      | Reached XP level 1. HP: 16/16 MP: 1/1
   282 | D:1      | Reached XP level 2. HP: 21/21 MP: 2/2
   494 | D:2      | Reached skill level 1 in Stealth
   513 | D:2      | Noticed Sigmund
   530 | D:2      | Slain by Sigmund

Illustrated notes

Levels and vault maps discovered:
D:1:      minmay_arrival_floating_metal, layout_rooms
D:2:      layout_rooms, uniq_natasha, uniq_jessica, uniq_sigmund

Skill      XL: |  1  2 |
---------------+-------+-----
Stealth        | 1 |  1.0
Fighting       | |  3.1
Dodging        | |  3.1
Shields        | |  3.1
Unarmed Combat | |  2.4

Action                     || total
---------------------------++-------
  Melee: Unarmed           ||    33
         Constrict         ||     4
         Tentacles         ||     5
         Punch             ||     1
  Throw: Stone             ||     1
    Use: Scroll            ||     4
 Armour: Skin              ||    15
  Dodge: Dodged            ||    17
  Block: Buckler           ||     5
